 Dungeon Crawl Stone Soup version 0.30-a0-629-gd54f4be4f7 (webtiles) character file.

Game seed: 1721891804966858708

1103 wormed the Chopper (level 8, 0/70 HPs)
             Began as a Hill Orc Fighter on Jan 13, 2023.
             Was a Believer of Makhleb.
             Succumbed to a killer bee's poison
             ... on level 7 of the Dungeon.
             The game lasted 00:07:08 (3601 turns).

wormed the Chopper (Hill Orc Fighter)               Turns: 3601, Time: 00:07:08

Health: 0/70       AC: 13    Str: 21      XL:     8   Next: 32%
Magic:  3/11       EV:  7    Int:  7 (8)  God:    Makhleb [**....]
Gold:   273        SH:  4    Dex:  7 (10) Spells: 7/7 levels left

rFire   . . .      SeeInvis .    b - +0 broad axe (freeze)
rCold   . . .      Faith    .    c - +0 buckler
rNeg    . . .      Spirit   +    w - +0 chain mail
rPois   +          Reflect  .    h - +0 helmet
rElec   .          Harm     .    f - +0 cloak
rCorr   .          Rampage  .    (no gloves)
Will    .....                    u - +0 pair of boots Stlth
                                 p - amulet of guardian spirit
HPRegen 0.31/turn                o - ring of poison resistance
MPRegen 0.12/turn                (no ring)

@: lethally poisoned (0 -> -1), attractive, invisible
A: no striking features
a: Renounce Religion, Minor Destruction


You were on level 7 of the Dungeon.
You worshipped Makhleb.
Makhleb was pleased with you.
You visited 1 branch of the dungeon, and saw 7 of its levels.

You collected 325 gold pieces.
You spent 52 gold pieces at shops.

Inventory:

Hand Weapons
 b - a +0 broad axe of freezing (weapon)
Missiles
 g - 3 poisoned darts (quivered)
Armour
 c - a +0 buckler (worn)
 f - a +0 cloak (worn)
 h - a +0 helmet (worn)
 u - a +0 pair of boots (worn)
 w - a +0 chain mail (worn)
Jewellery
 o - a ring of poison resistance (left hand)
 p - an amulet of guardian spirit (around neck)
Wands
 s - a wand of polymorph (7)
Scrolls
 d - a scroll of fog
 j - a scroll of butterflies
 k - 3 scrolls of identify
 l - 2 scrolls of teleportation
Potions
 i - 2 potions of haste
 t - a potion of degeneration


   Skills:
 + Level 5.9 Fighting
 * Level 7.8 Axes
 + Level 5.4 Armour
 + Level 5.5 Shields
 + Level 4.2 Invocations


You had 7 spell levels left.
You didn't know any spells.
Your spell library contained the following spells:

 Spells                   Type           Power      Damage    Failure   Level
 Apportation              Tloc           0%         N/A       99%         1
 Magic Dart               Conj           0%         1d3       99%         1
 Necrotise                Necr           0%         1d4       99%         1
 Summon Small Mammal      Summ           0%         N/A       99%         1
 Call Imp                 Summ           0%         N/A       100%        2
 Static Discharge         Conj/Air       0%         2-2/arc   100%        2
 Mephitic Cloud           Conj/Pois/Air  0%         N/A       100%        3
 Vhi's Electric Charge    Tloc/Air       0%         N/A       100%        3
 Arcjolt                  Conj/Air       0%         1d10      100%        5
 Lightning Bolt           Conj/Air       0%         1d11      100%        5


Dungeon Overview and Level Annotations

Branches:
Dungeon (8/15)
 Temple: D:4-7         Lair: D:8-11

Altars:
Cheibriados
Makhleb

Shops:
D:1 *   D:4 =


Message History

You feel sick. The killer bee barely misses you.
You block the killer bee's attack. The killer bee closely misses you.
The killer bee stings you but does no damage.
It was a potion of invisibility.
You fade into invisibility!
You feel sick.
The killer bee stings you but does no damage.
The killer bee barely misses you. The killer bee stings you.
* * * LOW HITPOINT WARNING * * *
The killer bee stings you but does no damage.
Aiming: Minor Destruction (2% risk of failure)
Press: ? - help, Shift-Dir - straight line, f/p - killer bee
Aim: a killer bee (unable to see you)
The glob of acid hits the killer bee!
The acid corrodes the killer bee!
The acid splashes onto the killer bee!
The killer bee is splashed with acid.
The killer bee is moderately wounded.
You feel sick. The killer bee stings you.
* * * LOW HITPOINT WARNING * * *
The killer bee stings you but does no damage. x2
The killer bee barely misses you.
Aiming: Minor Destruction (2% risk of failure)
Press: ? - help, Shift-Dir - straight line, f/p - killer bee
Aim: a killer bee (moderately wounded, unable to see you, covered in acid)
The zap hits the killer bee.
The killer bee is heavily wounded.
You feel sick.
The killer bee stings you but does no damage.
The killer bee barely misses you. The killer bee completely misses you.
Aiming: Minor Destruction (2% risk of failure)
Press: ? - help, Shift-Dir - straight line, f/p - killer bee
Aim: a killer bee (heavily wounded, unable to see you, covered in acid)
The stone arrow misses the killer bee.
You feel sick. You block the killer bee's attack. The killer bee stings you.
* * * LOW HITPOINT WARNING * * *
The killer bee is attracted toward you.
Okay, then.
You slash the killer bee! You freeze the killer bee.
You kill the killer bee!
Makhleb accepts your kill.
You die...

##### .... ....##.
.... ....... .....
.......
.....######.......
..........#....#
.........†#....#
.....(.§y.@....#
.......>..#....# .
#####..(..######....
+........$......
#...............
######..........
#..........
#######.... ....


You could see a killer bee (unable to see you).

Vanquished Creatures
  Grinder (D:4)
  Sigmund (D:5)
  An ice beast (D:7)
  A black bear (D:7)
  5 killer bees
  3 orc priests
  A gnoll bouda (D:8)
  2 hounds
  An iron imp (D:5)
  4 gnolls (D:8)
  7 adders
  An ufetubus (D:5)
  A worm (D:2)
  8 orcs
  11 ball pythons
  5 bats
  7 endoplasms
  A giant cockroach (D:2)
  5 goblins
  4 hobgoblins
  4 jackals (D:1)
  3 quokkas
  3 frilled lizards (D:1)
  7 kobolds
  7 rats
94 creatures vanquished.

Notes
Turn   | Place    | Note
-------+----------+-------------------------------------------
     0 | D:1      | wormed the Hill Orc Fighter began the quest for the Orb.
     0 | D:1      | Reached XP level 1. HP: 19/19 MP: 1/1
    57 | D:1      | Reached skill level 3 in Axes
    75 | D:1      | Reached XP level 2. HP: 25/27 MP: 2/2
   240 | D:1      | Found Hontasch's Assorted Antiques.
   264 | D:1      | Reached XP level 3. HP: 16/33 MP: 3/3
   356 | D:1      | Bought 2 scrolls labelled SUOQYE ZOR WOS for 52 gold pieces
   705 | D:2      | Reached skill level 4 in Axes
   714 | D:2      | Reached XP level 4. HP: 13/40 MP: 4/4
  1569 | D:3      | Found a faded altar of an unknown god.
  1621 | D:3      | Prayed at the altar of an unknown god.
  1621 | D:3      | Became a worshipper of Makhleb the Destroyer
  1621 | D:3      | Reached * piety under Makhleb
  2247 | D:4      | Reached XP level 5. HP: 47/47 MP: 5/5
  2268 | D:4      | Reached skill level 5 in Axes
  2268 | D:4      | Reached skill level 1 in Invocations
  2450 | D:4      | Found Zypnais's Jewellery Shoppe.
  2651 | D:4      | Reached XP level 6. HP: 53/53 MP: 7/7
  2666 | D:4      | Noticed Grinder
  2679 | D:4      | Killed Grinder
  2680 | D:4      | Reached skill level 5 in Fighting
  2680 | D:4      | Reached skill level 6 in Axes
  2771 | D:4      | Reached ** piety under Makhleb
  2914 | D:4      | Reached XP level 7. HP: 61/61 MP: 8/8
  3116 | D:4      | Identified a scroll of acquirement
  3116 | D:4      | Acquired a +0 broad axe of freezing
  3126 | D:5      | Entered Level 5 of the Dungeon
  3142 | D:5      | Noticed Sigmund
  3151 | D:5      | Killed Sigmund
  3152 | D:5      | Reached skill level 5 in Shields
  3215 | D:5      | Found a snail-covered altar of Cheibriados.
  3285 | D:5      | You fall into a shaft and drop 3 floors!
  3326 | D:8      | Reached skill level 7 in Axes
  3326 | D:8      | Reached skill level 5 in Armour
  3417 | D:7      | Reached XP level 8. HP: 38/70 MP: 3/10
  3430 | D:8      | HP: 3/70 [killer bee (2)]
  3600 | D:7      | HP: 3/70 [poisoned by a killer bee]
  3600 | D:7      | HP: 1/70 [killer bee (2)]
  3601 | D:7      | Succumbed to a killer bee's poison

Illustrated notes

Levels and vault maps discovered:
D:1:      minmay_arrival_four_houses, layout_rooms, serial_shops,
          nicolae_shop_waterfront
D:2:      layout_loops_ring
D:3:      layout_basic, basic_ecumenical_altar
D:4:      layout_basic, serial_shops, shop_coins, uniq_grinder
D:5:      cheibrodos_fertilizer, layout_loops_ring, hangedman_ru_absence,
          slow_altar_1, reono_crystal_passage, doesnt_shop_hydraphobe,
          uniq_sigmund
D:7:      layout_gridville, minmay_temple_entry_purple_smoke,
          minmay_hollow_rounded_squares
D:8:      layout_rooms, serial_curves, eino_curves_03, eino_curves_02,
          hangedman_feature_mirror, st_stairs_12

Skill      XL: |  1  2  3  4  5  6  7  8 |
---------------+-------------------------+-----
Axes           | 3 4 5 6 7 |  7.8
Fighting       | 4 5 |  5.9
Armour         | 4 5 |  5.4
Shields        | 4 5 |  5.5
Invocations    | 1 2 3 4 |  4.2

Action                   |  1- 3 |  4- 6 |  7- 9 || total
-------------------------+-------+-------+-------++-------
Melee: War axe           |    93 |   113 |       ||   206
       Broad axe         |       |       |    75 ||    75
Invok: Minor Destruction |       |       |     4 ||     4
  Use: Scroll            |     5 |     5 |     3 ||    13
       Potion            |       |     1 |     6 ||     7
Armor: Scale mail        |    63 |    56 |       ||   119
       Chain mail        |       |       |   103 ||   103
Dodge: Dodged            |    58 |    55 |    54 ||   167
Block: Buckler           |    24 |    19 |    39 ||    82

Table legend: (Time is in decaauts)
 A = Elapsed time spent in this place.
 B = Non-inter-level travel time spent in this place.
 C = Inter-level travel time spent in this place.
 D = Time resting spent in this place.
 E = Time spent auto-exploring this place.
 F = Levels seen in this place.
 G = Mean time per level.
                   A        B        C        D        E       F      G
               +--------+--------+--------+--------+--------+-----+--------+
         Total |   3703 |   3504 |    199 |     96 |   2561 |   7 |  529.0 |
       Dungeon |   3703 |   3504 |    199 |     96 |   2561 |   7 |  529.0 |
               +--------+--------+--------+--------+--------+-----+--------+

Top non-repeatable levels by time:
     D:4: 912 daAuts
     D:2: 874 daAuts
     D:3: 816 daAuts
     D:1: 592 daAuts
     D:7: 192 daAuts
     D:5: 166 daAuts
     D:8: 149 daAuts
